 Dungeon Crawl Stone Soup version 0.20.1-1-g8b1a95d (webtiles) character file.

10531 papiloppo the Cleaver (level 11, -3/102 HPs)
             Began as a Minotaur Berserker on Dec 5, 2017.
             Was a High Priest of Trog.
             Slain by a scorpion (4 damage)
             ... on level 2 of the Lair of Beasts.
             The game lasted 00:19:42 (11523 turns).

papiloppo the Cleaver (Minotaur Berserker)         Turns: 11523, Time: 00:19:46

Health: -3/102     AC: 15    Str: 24    XL:     11   Next: 37%
Magic:  10/10      EV: 13    Int:  4    God:    Trog [*****.]
Gold:   547        SH:  0    Dex: 11    Spells: 10/10 levels left

rFire    + . .     SeeInvis .   P - +0 battleaxe
rCold    + . .     Gourm    .   (shield currently unavailable)
rNeg     . . .     Faith    .   Q - +0 chain mail {rC+}
rPois    .         Spirit   .   (helmet restricted)
rElec    .         Reflect  .   (no cloak)
rCorr    +         Harm     .   I - +0 pair of gloves (curse)
MR       +....                  y - +0 pair of boots (curse)
Stlth    ..........             (no amulet)
Regen    0.3/turn               A - ring of protection from magic
MPRegen  0.2/turn               L - ring of resist corrosion

@: lethally poisoned (-3 -> -21), berserk cooldown, slowed, very slow
A: retaliatory headbutt, horns 2, blurry vision 1, fire resistance 1, subdued
magic 1
a: Berserk, Trog's Hand, Brothers in Arms, Burn Spellbooks, Renounce Religion


You were on level 2 of the Lair of Beasts.
You worshipped Trog.
Trog was extremely pleased with you.
You were near starving.

You visited 2 branches of the dungeon, and saw 11 of its levels.
You also visited: Sewer.

You collected 547 gold pieces.

Inventory:

Hand Weapons
 a - a +0 hand axe
 J - a +0 war axe
 P - a +0 battleaxe (weapon)
Missiles
 x - 49 poisoned needles
Armour
 b - a +0 animal skin
 m - a +0 ring mail
 w - a +0 scale mail
 y - a cursed +0 pair of boots (worn)
 I - a cursed +0 pair of gloves (worn)
 Q - a +0 chain mail of cold resistance (worn)
Jewellery
 A - a ring of protection from magic (left hand)
 L - a ring of resist corrosion (right hand)
Wands
 G - a wand of confusion (27/48)
 R - a wand of acid (8/15)
 S - a wand of paralysis (15/24)
 T - a wand of flame (18/48)
Scrolls
 c - a scroll of fog {unknown}
 e - 3 scrolls of random uselessness {unknown}
 f - 4 scrolls of remove curse {unknown}
 g - 2 scrolls of enchant weapon {unknown}
 h - a scroll of amnesia {unknown}
 i - 4 scrolls of magic mapping {unknown}
 k - 5 scrolls of blinking {unknown}
 n - 9 scrolls of identify {unknown}
 t - 7 scrolls of teleportation {unknown}
 u - a scroll of noise {unknown}
 D - 2 scrolls of enchant armour {unknown}
 H - 3 scrolls of recharging {unknown}
 U - a scroll of immolation {unknown}
Potions
 j - 4 potions of agility {unknown}
 l - a potion of ambrosia {unknown}
 o - 2 potions of might {unknown}
 p - a potion of haste {unknown}
 q - 5 potions of heal wounds {unknown}
 r - 4 potions of curing
 s - a potion of magic {unknown}
 v - a potion of resistance
 B - a potion of degeneration {unknown}
 E - 3 potions of flight {unknown}
 K - 2 potions of invisibility {unknown}
 M - 2 potions of berserk rage {unknown}
Books
 N - a book of Beasts

   Spells                             Type                      Level
   a - Summon Butterflies             Summoning                    1
   b - Call Canine Familiar           Summoning                    3
   c - Summon Ice Beast               Ice/Summoning                4
   d - Summon Mana Viper              Hexes/Summoning              5
   e - Summon Hydra                   Summoning                    7
   Trog disapproves of the use of such an item.
Comestibles
 z - 6 meat rations
 C - 3 royal jellies
 F - 5 fruits
 O - 5 bread rations


   Skills:
 + Level 11.2 Fighting
 + Level 11.4 Axes
 + Level 11.0 Armour
 + Level 10.0 Dodging


You had 10 spell levels left.
You didn't know any spells.

Dungeon Overview and Level Annotations

Branches:
Dungeon (9/15)             Temple (0/1) D:5            Lair (2/6) D:9
  Swamp: Lair:2-4    Shoals: Lair:2-4     Snake: Lair:2-4    Spider: Lair:2-4
    Orc: D:9-12

Altars:
Ashenzari
Cheibriados
Fedhas
Gozag
Nemelex Xobeh
Uskayaw
Xom
The Shining One

Shops:
D:6 *}

Annotations:
Lair:2 Harold


Innate Abilities, Weirdness & Mutations

You reflexively headbutt those who attack you in melee.
You have a pair of horns on your head.
Scrolls take you a little longer to read.
Your flesh is heat resistant. (rF+)
Your spells are a little easier to cast, but a little less powerful.


Message History

Harold blinks!
The spiny frog stings you!
* * * LOW HITPOINT WARNING * * *
You are lethally poisoned!
The spiny frog poisons you! The worker ant closely misses you.
You furiously retaliate!
You headbutt the worker ant.
The giant cockroach bites you but does no damage.
It was a potion of mutation.
You feel extremely strange.
Your vision blurs.
Your connection to magic feels subdued.
You feel resistant to heat.
* * * LOW HITPOINT WARNING * * *
You feel very sick. The spiny frog stings you.
* * * LOW HITPOINT WARNING * * *
The worker ant closely misses you.
Harold throws a throwing net.
The throwing net barely misses you.
The throwing net hits the spiny frog.
The spiny frog is caught in the net!
The giant cockroach bites you.
* * * LOW HITPOINT WARNING * * *
The spiny frog struggles against the net.
The worker ant closely misses you. The scorpion stings you.
You die...

.....## ##.##.................
.....#######..#..................
....<.........#..................
#................................
P...#.#.P##....................<.
..).#............................
#...#.....P......................
..........#.P....................
#........+.....s@@............>..
#..............Fas...P####.......
#...........P......P..# ##.......
#..............ยง...P..###........
#............#.#P.P..............
....######.......................
..## #.w..............#..#### ..
##...#.........######
#P.####........##


You could see Harold, a spiny frog (caught), a worm, a scorpion, a worker ant
and a giant cockroach.

Vanquished Creatures
  3 two-headed ogres
  Pikel (D:4)
  A black mamba (Lair:1)
  A spiny frog (Lair:1)
  A rime drake (Lair:2)
  A komodo dragon (Lair:1)
  Grinder (D:4)
  A merfolk (D:9)
  3 hippogriffs
  4 yaks (Lair:1)
  Eustachio (D:6)
  A hungry ghost (D:8)
  Edmund (D:6)
  Menkaure (D:6)
  2 water moccasins (Lair:1)
  3 porcupines
  5 orc warriors
  2 ice beasts
  A slave (D:4)
  A sky beast (D:8)
  A centaur (D:7)
  2 phantoms
  6 ogres
  4 crocodiles
  The ghost of Statics the Magician, an amateur OpTm (D:3)
  A gnoll sergeant (D:7)
  6 bullfrogs
  5 scorpions
  13 wights
  3 howler monkeys
  A bullfrog zombie (D:4)
  2 crimson imps (D:7)
  3 jellies
  An orc priest (D:8)
  4 hounds
  8 orc wizards
  A bullfrog skeleton (D:9)
  3 iguanas
  Natasha (thrice) (D:4)
  7 worker ants
  A killer bee zombie (D:6)
  A hound zombie (D:8)
  A hound skeleton (D:4)
  A howler monkey zombie (D:5)
  4 gnolls (D:7)
  13 adders
  3 shadow imps
  4 oozes
  An adder zombie (D:5)
  2 adder skeletons (D:8)
  2 worms
  3 dart slugs (D:3)
  7 leopard geckos
  29 orcs
  5 giant cockroaches
  5 goblins
  6 hobgoblins
  A jackal (Sewer)
  17 kobolds
  4 quokkas
  6 ball pythons
  7 bats
  10 frilled lizards
  A leopard gecko skeleton (D:8)
  A quokka skeleton (D:4)
  A quokka zombie (D:5)
  5 rats
  7 fungi (D:9)
  11 plants
269 creatures vanquished.

Vanquished Creatures (others)
  3 fungi (D:9)
  A plant (Lair:2)
4 creatures vanquished.

Grand Total: 273 creatures vanquished

Notes
Turn   | Place    | Note
-------+----------+-------------------------------------------
     0 | D:1      | papiloppo the Minotaur Berserker began the quest for the Orb.
     0 | D:1      | Reached XP level 1. HP: 19/19 MP: 0/0
   128 | D:1      | Reached XP level 2. HP: 17/27 MP: 1/1
   866 | D:2      | Found a faded altar of an unknown god.
   912 | D:2      | Reached XP level 3. HP: 33/33 MP: 2/2
   945 | D:2      | Reached ** piety under Trog
  1005 | D:2      | You fall through a shaft!
  1010 | D:3      | Found a glowing drain.
  1021 | Sewer    | Entered a sewer
  1267 | Sewer    | Reached XP level 4. HP: 30/41 MP: 3/3
  2601 | D:3      | Noticed Statics's ghost (amateur OpTm)
  2607 | D:3      | Reached XP level 5. HP: 47/47 MP: 4/4
  2608 | D:3      | Killed Statics's ghost
  2608 | D:3      | Reached skill level 5 in Axes
  2608 | D:3      | Reached *** piety under Trog
  2608 | D:3      | Reached skill level 5 in Fighting
  2625 | D:3      | Found an opulent altar of Gozag.
  2832 | D:3      | Reached XP level 6. HP: 56/56 MP: 5/5
  2978 | D:4      | Noticed Grinder
  2984 | D:4      | Killed Grinder
  3004 | D:4      | Reached XP level 7. HP: 57/62 MP: 6/6
  3107 | D:4      | Found a glowing golden altar of the Shining One.
  3112 | D:4      | Noticed Pikel
  3121 | D:4      | Killed Pikel
  3121 | D:4      | Reached skill level 5 in Armour
  3121 | D:4      | Reached skill level 5 in Dodging
  3123 | D:4      | Reached XP level 8. HP: 40/71 MP: 7/7
  3482 | D:4      | Noticed Natasha
  3487 | D:4      | Killed Natasha
  3629 | D:4      | Noticed Natasha
  3634 | D:4      | Killed Natasha
  3843 | D:4      | Noticed Natasha
  3847 | D:4      | Killed Natasha
  3971 | D:4      | Found a shimmering altar of Xom.
  3971 | D:4      | Found a blossoming altar of Fedhas.
  4158 | D:5      | Entered Level 5 of the Dungeon
  4272 | D:5      | Found a staircase to the Ecumenical Temple.
  4359 | D:5      | Reached **** piety under Trog
  5197 | D:6      | Found Foel's Gadget Shop.
  5225 | D:6      | Noticed Menkaure
  5234 | D:6      | Killed Menkaure
  5234 | D:6      | Reached XP level 9. HP: 81/81 MP: 8/8
  5287 | D:6      | Found Leor's Assorted Antiques.
  5332 | D:6      | Found a hide-covered altar of Uskayaw.
  5509 | D:6      | Found a sparkling altar of Nemelex Xobeh.
  5512 | D:6      | Noticed Edmund
  5533 | D:6      | Killed Edmund
  5753 | D:6      | Noticed Eustachio
  5792 | D:6      | Killed Eustachio
  5927 | D:6      | Found a shattered altar of Ashenzari.
  6334 | D:7      | Reached ***** piety under Trog
  6635 | D:7      | Found a snail-covered altar of Cheibriados.
  6661 | D:7      | Received a gift from Trog
  7259 | D:8      | Reached XP level 10. HP: 91/91 MP: 9/9
  7332 | D:8      | Noticed a two-headed ogre
  7341 | D:8      | Killed a two-headed ogre
  7680 | D:8      | Reached skill level 10 in Axes
  7855 | D:9      | Noticed a two-headed ogre
  7864 | D:9      | Killed a two-headed ogre
  7864 | D:9      | Reached skill level 10 in Fighting
  8273 | D:9      | Reached skill level 10 in Armour
  8289 | D:9      | Found a staircase to the Lair.
  8755 | D:9      | Noticed a two-headed ogre
  8765 | D:9      | Killed a two-headed ogre
  9225 | D:9      | Reached XP level 11. HP: 51/101 MP: 10/10
  9419 | Lair:1   | Entered Level 1 of the Lair of Beasts
 11220 | Lair:1   | Reached skill level 10 in Dodging
 11504 | Lair:2   | Noticed Harold
 11523 | Lair:2   | Gained mutation: Scrolls take you a little longer to read. [potion of mutation]
 11523 | Lair:2   | Gained mutation: Your spells are a little easier to cast, but a little less powerful. [potion of mutation]
 11523 | Lair:2   | Gained mutation: Your flesh is heat resistant. (rF+) [potion of mutation]
 11523 | Lair:2   | HP: 2/102 [spiny frog (4)]
 11523 | Lair:2   | Slain by a scorpion

Skill      XL: |  1  2  3  4  5  6  7  8  9 10 11 |
---------------+----------------------------------+-----
Axes           | 4 5 6 8 9 10 11 | 11.4
Fighting       | 4 5 6 7 9 10 11 | 11.2
Armour         | 3 4 5 7 9 10 11 | 11.0
Dodging        | 3 4 5 6 8 9 10 | 10.0

Action                   |  1- 3 |  4- 6 |  7- 9 | 10-12 || total
-------------------------+-------+-------+-------+-------++-------
Melee: Hand axe          |   102 |   246 |   236 |       ||   584
       Headbutt          |    22 |    58 |    65 |    44 ||   189
       War axe           |       |       |    56 |    81 ||   137
       Battleaxe         |       |       |       |   146 ||   146
Invok: Berserk           |       |     2 |     7 |     7 ||    16
  Use: Potion            |       |       |       |     1 ||     1
  Eat: Bread ration      |     1 |       |     4 |     1 ||     6
       Chunk             |       |     5 |     2 |     1 ||     8
       Meat ration       |       |       |       |     3 ||     3
Armor: Animal skin       |     5 |       |       |       ||     5
       Ring mail         |    16 |    10 |       |       ||    26
       Scale mail        |       |    19 |    80 |    20 ||   119
       Chain mail        |       |       |       |    62 ||    62
Dodge: Dodged            |    59 |    50 |   170 |   162 ||   441
